 Dungeon Sprint DCSS version 0.17-a0-1701-gf693a3f (webtiles) character file.

1043 Kidiri the Blocker (level 8, -9/74 HPs)
             Began as a Minotaur Fighter on Aug 21, 2015.
             Was a Follower of Okawaru.
             Killed from afar by Erica (17 damage)
             ... with an orb of energy
             ... in the Dungeon (Sprint III: "The Ten Rune Challenge").
             The game lasted 00:06:34 (1387 turns).

Kidiri the Blocker (Minotaur Fighter)               Turns: 1387, Time: 00:06:34

Health: -9/74      AC: 12    Str: 22    XL:     8   Next: 4%
Magic:  9/9        EV: 12    Int:  3    God:    Okawaru [*.....]
Gold:   29         SH: 12    Dex: 12    Spells: 0 memorised, 7 levels left

rFire  . . .     SeeInvis .     a - +0 flail
rCold  . . .     Clarity  .     b - +0 scale mail
rNeg   . . .     SustAt   .     c - +0 shield
rPois  .         Gourm    .     (helmet restricted)
rElec  .         Spirit   .     (no cloak)
rCorr  .         Warding  .     (no gloves)
rMut   .         NoTele   +     (no boots)
MR     .....                    (no amulet)
Stlth  ..........               (no ring)
                                (no ring)

@: lethally poisoned (-9 -> -17), not resistant to hostile enchantments,
extremely unstealthy
A: retaliatory headbutt, hooves 1, horns 2, rough black scales 1, thin skeletal
structure 1, dopey 1
a: Heroism, Renounce Religion


You were in the Dungeon.
You worshipped Okawaru.
Okawaru was aware of your devotion.
You were not hungry.

You visited 1 branch You collected 29 gold pieces.

Inventory:

Hand weapons
 a - a +0 flail (weapon)
Armour
 b - a +0 scale mail (worn)
 c - a +0 shield (worn)
Scrolls
 k - a scroll of blinking
 m - a scroll of remove curse
 q - a scroll of fog {unknown}
 t - a scroll of torment {unknown}
 u - a scroll of enchant weapon {unknown}
Potions
 d - a potion of might
 f - 2 potions of curing
 g - a potion of heal wounds
 h - a potion of haste
 i - 2 potions of magic
 s - a potion of flight
 v - 2 potions of cure mutation
Comestibles
 e - a bread ration
 r - 3 royal jellies


   Skills:
 + Level 8.0 Fighting
 * Level 10.3 Maces & Flails
 + Level 3.4 Throwing
 * Level 10.7 Armour
 + Level 6.1 Dodging
 * Level 10.7 Shields
 + Level 3.4 Invocations


You had 7 spell levels left.
You didn't know any spells.

Dungeon Overview and Level Annotations

Branches:
Dungeon (1/1)

Altars:
Cheibriados
Dithmenos
Elyvilon
Fedhas
Gozag
Kikubaaqudgha
Makhleb
Nemelex Xobeh
Okawaru
Qazlal
Ru
Sif Muna
Trog
Vehumet
Xom
Yredelemnul
Zin
The Shining One
Jiyva
Lugonu

Annotations:
D Erica


Innate Abilities, Weirdness & Mutations

You reflexively headbutt those who attack you in melee.
You have a pair of horns on your head.
You have large cloven feet.
You are partially covered in rough black scales (AC +4, Dex -1).
You have a somewhat thin skeletal structure (Dex +2, Stealth).
You are dopey. (Int -2)


Message History

You open the door. 5 orcs, an orc high priest and an orc knight come into view.
You feel sick.
The orc knight shouts!
The orc shouts!
The orc high priest shouts!
The orc shouts! x2
Something hits you.
* * * LOW HITPOINT WARNING * * *
Something burns you.
* * * LOW HITPOINT WARNING * * *
The orc high priest mumbles some strange prayers to Beogh.
The orc knight moves out of view.
The orc moves out of view.
Found 96 gold pieces.
An orc comes into view. It is wielding a dagger.
You miss something. You kick something. You headbutt something.
* * * LOW HITPOINT WARNING * * *
You feel sick.
You hear some strange, mumbled words.
An orb of energy appears from out of thin air!
The orb of energy hits you!
You die... ##.############ ##..#___#__[#__##$# ##o .#..#)..#...#[_#.$ .oo

.#..###+#+###+##.$ oo
+#..#..........#.4..
#...'.⌠........#.#o
#...#...######'#.$
....#.⌠.#__#...#'#####
....#...#__#...#@{§≈≈+
....#+###__#...#§#§§§#
....#.::#__#...+.#.§.#
....#___#_.+...#.#..§#
▓▓▓▓▓▓▓▓▓▓▓▓▓▓▓▓▓▓▓▓▓▓


You could see an orc high priest, a red devil and 5 orcs.

Vanquished Creatures
  A deep elf priest (D)
  A shadow (D)
  A spatial vortex (D)
  A necrophage (D)
  A water elemental (D)
  A wizard (D)
  A jelly (D)
  A necromancer (D)
  3 humans (D)
  A kobold demonologist (D)
  A phantom (D)
  4 rats (D)
17 creatures vanquished.

Vanquished Creatures (others)
  2 draconian scorchers (D)
  2 yaktaurs (D)
4 creatures vanquished.

Grand Total: 21 creatures vanquished

Notes
Turn   | Place    | Note
--------------------------------------------------------------
     0 | D        | Kidiri the Minotaur Fighter began the quest for the Orb.
     0 | D        | Reached XP level 1. HP: 19/19 MP: 0/0
    40 | D        | Reached skill level 4 in Shields
    78 | D        | Killed a yaktaur
    85 | D        | Reached skill level 1 in Dodging
    85 | D        | Reached XP level 2. HP: 9/27 MP: 1/1
    93 | D        | Killed a yaktaur
    99 | D        | Reached skill level 5 in Armour
    99 | D        | Reached skill level 5 in Shields
   123 | D        | Gained mutation: You have a somewhat thin skeletal structure (Dex +2, Stealth). [potion of mutation]
   123 | D        | Gained mutation: You are partially covered in rough black scales (AC +4, Dex -1). [potion of mutation]
   124 | D        | Gained mutation: You have large cloven feet. [potion of mutation]
   124 | D        | Gained mutation: You are dopey. (Int -2) [potion of mutation]
   225 | D        | Killed a white draconian scorcher
   226 | D        | Killed a white draconian scorcher
   283 | D        | Noticed a water elemental
   293 | D        | Killed a water elemental
   293 | D        | Reached skill level 5 in Fighting
   293 | D        | Reached skill level 5 in Maces & Flails
   293 | D        | Reached skill level 6 in Armour
   293 | D        | Reached XP level 3. HP: 12/36 MP: 2/2
   293 | D        | Reached XP level 4. HP: 14/42 MP: 3/3
   518 | D        | Found an iron altar of Okawaru.
   518 | D        | Found a bloodstained altar of Trog.
   518 | D        | Noticed a human
   520 | D        | Noticed a human
   528 | D        | Killed a human
   528 | D        | Reached skill level 7 in Maces & Flails
   528 | D        | Reached skill level 8 in Shields
   528 | D        | Reached XP level 5. HP: 14/50 MP: 4/4
   552 | D        | Killed a human
   552 | D        | Reached skill level 9 in Shields
   552 | D        | Reached XP level 6. HP: 17/58 MP: 5/5
   570 | D        | Became a worshipper of Warmaster Okawaru
   775 | D        | Found a radiant altar of Vehumet.
   775 | D        | Found a deep blue altar of Sif Muna.
   775 | D        | Found an ancient bone altar of Kikubaaqudgha.
   775 | D        | Noticed a wizard
   778 | D        | Killed a wizard
   778 | D        | Reached skill level 5 in Dodging
   785 | D        | Reached skill level 1 in Throwing
   785 | D        | Reached skill level 1 in Invocations
   806 | D        | Found a glowing silver altar of Zin.
   807 | D        | Found a glowing golden altar of the Shining One.
   807 | D        | Found a white marble altar of Elyvilon.
   807 | D        | Noticed a deep elf priest
   813 | D        | Killed a deep elf priest
   813 | D        | Reached XP level 7. HP: 37/66 MP: 5/7
   947 | D        | Found a basalt altar of Yredelemnul.
   947 | D        | Found a snail-covered altar of Cheibriados.
   947 | D        | Found a blossoming altar of Fedhas.
   947 | D        | Noticed a necrophage
   947 | D        | Noticed a necromancer
   956 | D        | Killed a necrophage
   956 | D        | Acquired Okawaru's first power
   956 | D        | Reached skill level 10 in Armour
   956 | D        | Reached skill level 10 in Shields
   957 | D        | Killed a necromancer
  1073 | D        | Noticed a jelly
  1074 | D        | Noticed a shadow
  1085 | D        | Killed a shadow
  1085 | D        | Reached skill level 10 in Maces & Flails
  1090 | D        | Killed a jelly
  1349 | D        | Found a stormy altar of Qazlal.
  1350 | D        | Found a sacrificial altar of Ru.
  1350 | D        | Found a burning altar of Makhleb.
  1350 | D        | Found a viscous altar of Jiyva.
  1350 | D        | Found a shimmering altar of Xom.
  1350 | D        | Found a shadowy altar of Dithmenos.
  1350 | D        | Found a sparkling altar of Nemelex Xobeh.
  1350 | D        | Found a corrupted altar of Lugonu.
  1350 | D        | Found an opulent altar of Gozag.
  1350 | D        | Noticed a spatial vortex
  1359 | D        | Killed a spatial vortex
  1359 | D        | Reached XP level 8. HP: 72/74 MP: 9/9
  1369 | D        | Noticed Erica
  1386 | D        | Noticed an orc knight
  1386 | D        | Noticed an orc high priest
  1387 | D        | Noticed a red devil
  1387 | D        | Killed from afar by Erica

Vault maps used:
D:        dungeon_sprint_mu

Action                   |  1- 3 |  4- 6 |  7- 9 || total
-------------------------+-------+-------+-------++-------
Melee: Flail             |    37 |    32 |    39 ||   108
  Use: Scroll            |     4 |       |       ||     4
       Potion            |     3 |       |     1 ||     4
  Eat: Bread ration      |       |       |     1 ||     1
